Map: Concord LE

Players

Xynthor

  • Race: Zerg Zerg

AnDǂMagicas

  • Race: Protoss Protoss

ĀĘŖŐ

  • Race: Terran Terran
  • League: Diamond

Hass

  • Race: Protoss Protoss

BigBlackCat

  • Race: Zerg Zerg

TheJoker

  • Race: Terran Terran

Toasted

  • Race: Protoss Protoss
  • League: Diamond

Hodn

  • Race: Protoss Protoss

VOD

Have the link to the VOD?

Description

Time

  • Played on: Sept. 4, 2026, 12:42 p.m.
  • Length: 12:09
Show
View Real Time Build Order
Export as new Build Order

Xynthor Zerg 

Build Orders: Hatch First, Swarm Host 

Get SALT Encoding   

  8  0:00  Drone  
  9  0:10  Drone  
  10  0:21  Drone  
  11  0:22  Drone  
  12  0:32  Overlord  
  12  0:51  Drone  
  12  0:52  Drone x2  
  15  1:12  Hatchery  
  15  1:16  Drone  
  15  1:19  Drone  
  16  1:30  Extractor  
  15  1:37  Spawning Pool  
  14  1:40  Drone  
  14  1:43  Drone  
  16  1:49  Drone  
  17  2:15  Drone  
  17  2:16  Drone x2, Extractor  
  19  2:24  Queen  
  21  2:30  Zergling x4  
  21  2:35  Metabolic Boost  
  23  2:50  Zergling x2  
  24  2:56  Overlord  
  24  2:57  Overlord  
  24  3:18  Zergling x8  
  24  3:19  Zergling x2  
  29  3:23  Zergling x2  
  30  3:35  Hatchery  
  30  3:36  Queen  
  30  3:38  Drone  
  30  3:40  Drone  
  33  3:42  Drone  
  33  3:45  Drone  
  35  3:55  Drone x2  
  36  4:01  Zergling x6  
  40  4:11  Overlord  
  35  4:32  Zergling x2  
  35  4:33  Zergling x10  
  41  4:40  Zergling x2  
  40  4:49  Zergling x4  
  40  4:50  Zergling x2  
  45  4:57  Zergling x6  
  46  5:11  Zergling x6  
  48  5:29  Overlord  
  48  5:32  Overlord  
  48  5:40  Overlord  
  48  5:41  Overlord  
  43  5:51  Zergling x2  
  43  5:52  Zergling x6  
  34  6:03  Zergling x2  
  34  6:04  Zergling x4  
  37  6:13  Lair  
  37  6:14  Drone  
  37  6:15  Drone  
  37  6:17  Extractor x2  
  37  6:28  Drone x2  
  37  6:29  Drone  
  40  6:42  Hatchery  
  40  6:46  Drone  
  40  6:47  Drone x4  
  41  6:48  Drone  
  41  6:52  Overlord  
  41  6:53  Overlord  
  45  6:57  Overlord  
  45  7:04  Drone  
  45  7:05  Drone  
  47  7:08  Spore Crawler  
  47  7:12  Spore Crawler  
  45  7:19  Overlord  
  45  7:29  Pneumatized Carapace  
  45  7:30  Burrow  
  45  7:36  Overlord  
  45  7:50  Zergling x22  
  48  7:52  Zergling x2  
  48  7:58  Queen  
  50  8:08  Infestation Pit  
  50  8:11  Drone, Nydus Network  
  49  8:13  Drone  
  49  8:15  Drone  
  51  8:21  Drone  
  51  8:22  Drone x2  
  51  8:24  Drone  
  51  8:26  Drone  
  56  8:33  Overlord  
  56  8:46  Spore Crawler  
  55  8:51  Overlord  
  55  8:53  Overlord  
  55  8:58  Drone x3  
  55  8:59  Drone  
  59  9:05  Overlord  
  59  9:07  Overlord  
  59  9:08  Overlord  
  59  9:09  Overlord  
  59  9:14  Swarm Host  
  59  9:16  Swarm Host  
  65  9:22  Swarm Host  
  65  9:23  Swarm Host  
  71  9:26  Swarm Host  
  70  9:46  Swarm Host  
  70  9:47  Swarm Host x4  
  70  9:48  Swarm Host  
  87  10:01  Nydus Canal  
  87  10:04  Swarm Host x3  
  87  10:05  Swarm Host  
  96  10:32  Swarm Host x3  
  98  10:43  Nydus Canal  
  98  10:49  Overlord  
  98  10:50  Overlord  
  98  10:51  Overlord  
  98  10:56  Overlord  
  98  10:57  Overlord  
  98  10:58  Overlord  
  98  11:04  Overlord  
  98  11:05  Overlord  
  98  11:19  Nydus Canal  
  98  11:28  Swarm Host x3  
  98  11:29  Swarm Host x5  
  122  11:43  Overlord  
  122  11:44  Overlord  
  122  11:45  Overlord  
  122  11:46  Overlord  
  122  11:47  Overlord  
  122  11:49  Overlord  
  122  11:51  Nydus Canal  
Show
View Real Time Build Order
Export as new Build Order

AnDǂMagicas Protoss 

Build Orders:  

Get SALT Encoding   

  8  0:00  Probe  
  9  0:16  Probe (Chrono Boost)  
  10  0:26  Probe (Chrono Boost)  
  11  0:31  Pylon  
  11  0:33  Probe  
  12  0:45  Probe  
  13  0:58  Probe (Chrono Boost)  
  13  1:02  Gateway  
  14  1:10  Probe (Chrono Boost)  
  15  1:14  Assimilator  
  15  1:17  Probe (Chrono Boost)  
  16  1:24  Probe  
  17  1:36  Probe  
  18  1:48  Probe  
  19  1:55  Zealot  
  19  2:00  Pylon  
  21  2:10  Cybernetics Core  
  21  2:18  Probe  
  21  2:35  Probe  
  22  2:42  Assimilator  
  22  2:47  Probe  
  21  2:59  Probe  
  22  3:06  Shield Battery, Stalker (Chrono Boost)  
  22  3:11  Probe  
  25  3:23  Probe, Nexus  
  25  3:32  Stalker (Chrono Boost)  
  27  3:35  Probe  
  27  3:38  Assimilator  
  28  3:47  Probe  
  29  3:59  Pylon  
  29  4:01  Probe  
  29  4:17  Probe, Stalker  
  33  4:31  Probe (Chrono Boost)  
  33  4:38  Probe (Chrono Boost)  
  35  4:47  Probe (Chrono Boost)  
  35  4:48  Probe (Chrono Boost)  
  35  4:49  Assimilator  
  36  4:53  Probe (Chrono Boost)  
  36  4:54  Probe  
  36  4:57  Stargate  
  38  5:02  Forge  
  38  5:04  Probe  
  38  5:06  Probe  
  40  5:07  Assimilator  
  40  5:09  Pylon  
  40  5:19  Stargate  
  40  5:21  Probe  
  40  5:23  Probe  
  42  5:33  Probe  
  43  5:35  Probe  
  44  5:45  Shield Battery, Photon Cannon, Probe  
  44  5:47  Probe  
  46  5:58  Probe, Phoenix (Chrono Boost)  
  46  6:00  Probe  
  46  6:02  Phoenix (Chrono Boost)  
  52  6:07  Nexus  
  52  6:08  Pylon  
  52  6:09  Assimilator  
  52  6:10  Probe  
  53  6:12  Probe  
  53  6:15  Phoenix (Chrono Boost)  
  53  6:17  Phoenix (Chrono Boost)  
  58  6:26  Probe x2  
  58  6:27  Pylon  
  60  6:38  Probe x2  
  60  6:39  Fleet Beacon  
  62  6:46  Fleet Beacon  
  62  6:47  Phoenix x2  
  66  6:54  Stargate  
  66  6:56  Probe x2  
  66  6:59  Protoss Air Weapons Level 1 (Chrono Boost)  
  66  7:01  Photon Cannon  
  68  7:03  Shield Battery  
  68  7:08  Probe x2  
  68  7:15  Phoenix  
  72  7:19  Phoenix  
  72  7:20  Probe x2  
  74  7:39  Phoenix  
  74  7:40  Phoenix, Probe x3  
  81  7:50  Pylon  
  81  7:51  Phoenix  
  81  7:52  Probe x2, Assimilator  
  85  7:59  Probe  
  85  8:04  Probe  
  87  8:06  Anion Pulse-Crystals  
  87  8:08  Phoenix, Probe  
  87  8:11  Probe  
  91  8:15  Phoenix  
  91  8:16  Probe  
  94  8:21  Probe  
  95  8:29  Probe x2  
  95  8:43  Nexus  
  95  8:46  Pylon  
  95  8:47  Pylon  
  95  8:48  Pylon  
  95  8:49  Pylon  
  95  8:52  Pylon  
  95  8:56  Pylon  
  95  8:57  Assimilator  
  95  9:00  Protoss Shields Level 1 (Chrono Boost)  
  95  9:02  Assimilator  
  95  9:03  Protoss Air Weapons Level 2 (Chrono Boost), Pylon  
  95  9:04  Phoenix x3, Probe x2  
  95  9:05  Probe  
  95  9:07  Stargate  
  104  9:15  Photon Cannon  
  104  9:16  Probe x2  
  106  9:19  Shield Battery  
  106  9:26  Photon Cannon  
  106  9:27  Probe  
  106  9:28  Photon Cannon, Probe x2  
  106  9:31  Phoenix  
  111  9:32  Shield Battery  
  111  9:39  Probe  
  111  9:41  Phoenix  
  111  9:42  Phoenix  
  110  9:51  Probe  
  111  9:53  Phoenix  
  111  9:56  Phoenix  
  111  10:06  Phoenix  
  111  10:07  Phoenix  
  115  10:18  Phoenix  
  115  10:19  Cybernetics Core  
  115  10:21  Phoenix  
  119  10:24  Twilight Council  
  119  10:28  Pylon  
  119  10:29  Pylon  
  119  10:31  Phoenix  
  119  10:32  Pylon  
  121  10:36  Phoenix  
  123  10:43  Phoenix  
  123  10:45  Phoenix  
  125  10:56  Phoenix  
  127  11:01  Phoenix  
  127  11:08  Phoenix  
  127  11:10  Phoenix  
  117  11:21  Phoenix  
  119  11:26  Phoenix  
  121  11:33  Phoenix  
  115  11:42  Nexus  
  115  11:43  Phoenix  
  115  11:44  Pylon  
  115  11:45  Assimilator  
  115  11:46  Assimilator  
  115  11:48  Pylon  
  115  11:52  Pylon  
Show
View Real Time Build Order
Export as new Build Order

ĀĘŖŐ Terran 

Build Orders: Reaper Expand 

Get SALT Encoding   

  8  0:00  SCV  
  9  0:15  SCV  
  10  0:27  SCV  
  11  0:30  Supply Depot  
  11  0:39  SCV  
  12  0:51  SCV  
  13  0:58  Barracks  
  13  1:05  Refinery  
  13  1:11  SCV  
  14  1:23  SCV  
  15  1:35  SCV  
  16  1:48  Orbital Command  
  16  1:49  Reaper  
  17  2:27  Command Center  
  17  2:35  SCV  
  18  2:47  SCV  
  18  2:49  Refinery  
  19  2:52  Supply Depot  
  19  3:03  SCV  
  20  3:13  Barracks Reactor  
  20  3:14  Factory  
  20  3:15  SCV  
  21  3:29  SCV  
  22  3:35  Factory  
  22  3:39  Orbital Command  
  22  3:41  SCV  
  23  3:53  SCV  
  24  4:08  SCV  
  24  4:09  SCV  
  25  4:13  Orbital Command  
  25  4:14  Engineering Bay  
  25  4:21  Factory Tech Lab  
  25  4:22  SCV  
  26  4:27  Hellion x2  
  30  4:33  Factory  
  30  4:34  SCV  
  31  4:38  SCV  
  31  4:42  Missile Turret x2  
  31  4:44  Cyclone, Infernal Pre-Igniter  
  35  4:46  SCV  
  35  4:50  SCV  
  37  4:54  Hellion  
  37  4:59  SCV  
  40  5:02  Hellion  
  42  5:12  Supply Depot  
  42  5:13  SCV x2  
  47  5:21  Cyclone, Factory Tech Lab  
  47  5:22  Hellion  
  47  5:27  SCV  
  50  5:30  Refinery  
  50  5:34  SCV  
  50  5:37  Refinery  
  50  5:40  Missile Turret  
  50  5:41  Missile Turret  
  47  5:47  Hellion  
  49  5:50  SCV x2  
  51  6:02  Missile Turret, SCV  
  52  6:06  SCV  
  53  6:11  Missile Turret, Widow Mine  
  53  6:12  Widow Mine  
  53  6:15  SCV  
  58  6:24  Supply Depot  
  58  6:35  Widow Mine x3  
  64  6:42  Command Center  
  64  6:43  SCV  
  64  6:47  Supply Depot x2, SCV  
  66  6:53  Cyclone  
  69  6:55  SCV  
  69  6:59  SCV  
  71  7:02  Armory  
  71  7:06  Armory  
  72  7:08  SCV  
  72  7:12  SCV  
  73  7:20  Cyclone, SCV  
  77  7:24  SCV  
  78  7:30  Mag-Field Accelerator  
  78  7:32  SCV  
  79  7:48  Cyclone  
  79  7:49  Hellion  
  84  7:52  Cyclone  
  87  8:00  Hellion  
  87  8:01  Terran Vehicle Weapons Level 1, Terran Vehicle And Ship Armor Level 1, SCV  
  87  8:02  SCV  
  91  8:08  SCV, Drilling Claws  
  92  8:16  Supply Depot  
  92  8:19  Supply Depot  
  92  8:20  Supply Depot  
  92  8:21  Supply Depot, Cyclone  
  92  8:22  Hellion  
  92  8:24  Factory  
  97  8:33  Cyclone  
  97  8:34  Widow Mine, SCV  
  102  8:36  SCV  
  101  8:43  Supply Depot  
  101  8:46  Supply Depot x2  
  101  8:47  SCV, Supply Depot  
  102  8:48  SCV  
  102  8:54  Factory  
  103  8:56  Orbital Command  
  103  8:59  SCV  
  103  9:00  SCV  
  105  9:09  Factory Tech Lab  
  105  9:11  SCV  
  105  9:13  SCV  
  105  9:15  Supply Depot  
  107  9:21  Refinery x2  
  107  9:23  SCV  
  108  9:25  SCV  
  109  9:32  Command Center  
  109  9:33  SCV  
  109  9:35  SCV  
  109  9:37  SCV  
  110  9:46  SCV, Thor  
  110  9:47  Factory Tech Lab, SCV  
  110  9:48  Siege Tank  
  110  9:49  Hellion x2  
  110  9:50  SCV  
  120  9:58  SCV  
  117  10:05  Cyclone  
  117  10:06  Hellion  
  119  10:15  SCV  
  119  10:17  Missile Turret  
  119  10:19  Missile Turret  
  119  10:20  Cyclone  
  123  10:27  Siege Tank  
  123  10:28  SCV x2  
  126  10:30  Siege Tank  
  116  10:37  Cyclone  
  116  10:38  Hellion  
  114  10:43  Hellion  
  116  10:52  Siege Tank  
  116  10:54  Planetary Fortress  
  116  10:55  Refinery, SCV x3  
  122  10:59  Hellion  
  122  11:00  Missile Turret  
  122  11:01  Hellion  
  122  11:02  Hellion, Refinery  
  128  11:04  Hellion  
  128  11:07  SCV x3  
  133  11:19  SCV x2  
  133  11:20  SCV  
  133  11:21  Siege Tank  
  133  11:22  Siege Tank  
  133  11:23  Hellion x2  
  146  11:31  SCV  
  147  11:35  SCV  
  147  11:36  SCV x2  
  156  11:40  Hellion  
  156  11:44  Hellion  
  166  11:52  SCV x3  
  166  11:53  SCV  
  176  11:58  Command Center  
  176  11:59  Supply Depot  
  176  12:04  Missile Turret  
  176  12:06  Missile Turret  
Show
View Real Time Build Order
Export as new Build Order

Hass Protoss 

Build Orders: Zealot Archon, Dark Templar Rush 

Get SALT Encoding   

  8  0:00  Probe (Chrono Boost)  
  9  0:12  Probe (Chrono Boost)  
  10  0:19  Probe (Chrono Boost)  
  11  0:27  Probe  
  12  0:35  Pylon  
  12  0:39  Probe  
  13  0:54  Gateway  
  13  0:56  Probe (Chrono Boost)  
  14  1:07  Assimilator  
  14  1:08  Probe (Chrono Boost)  
  15  1:15  Probe (Chrono Boost)  
  16  1:23  Probe  
  17  1:35  Probe  
  18  1:52  Nexus  
  18  1:58  Probe  
  19  2:09  Cybernetics Core  
  19  2:14  Probe  
  20  2:20  Pylon  
  20  2:26  Probe  
  21  2:30  Assimilator  
  21  2:39  Probe (Chrono Boost)  
  22  2:48  Warp Gate  
  22  2:49  Probe (Chrono Boost)  
  23  2:54  Twilight Council  
  23  3:02  Probe (Chrono Boost)  
  24  3:11  Probe (Chrono Boost)  
  25  3:15  Probe (Chrono Boost)  
  27  3:20  Probe (Chrono Boost)  
  27  3:23  Probe (Chrono Boost), Robotics Facility  
  27  3:27  Probe (Chrono Boost)  
  29  3:30  Probe (Chrono Boost)  
  30  3:36  Dark Shrine  
  30  3:38  Probe  
  31  3:44  Probe  
  32  3:49  Gateway  
  32  3:56  Gateway  
  32  3:59  Probe  
  32  4:01  Probe (Chrono Boost)  
  34  4:06  Assimilator  
  34  4:08  Assimilator  
  34  4:11  Probe (Chrono Boost)  
  36  4:20  Probe (Chrono Boost)  
  36  4:21  Probe (Chrono Boost)  
  37  4:26  Probe (Chrono Boost), Warp Prism  
  40  4:39  Pylon  
  40  4:40  Pylon  
  40  4:51  Dark Templar  
  42  4:57  Dark Templar x2  
  46  5:02  Probe (Chrono Boost)  
  46  5:05  Probe (Chrono Boost)  
  48  5:13  Gateway  
  49  5:15  Probe (Chrono Boost)  
  49  5:19  Probe (Chrono Boost)  
  50  5:26  Probe  
  51  5:30  Probe  
  52  5:39  Probe, Dark Templar x2  
  52  5:41  Blink (Chrono Boost)  
  52  5:42  Probe  
  58  5:46  Pylon  
  58  5:48  Pylon  
  58  5:49  Pylon  
  58  5:58  Pylon  
  58  6:02  Pylon  
  58  6:04  Probe  
  57  6:16  Gateway  
  57  6:17  Observer  
  57  6:18  Gateway  
  54  6:22  Gateway, Templar Archives  
  54  6:28  Archon  
  54  6:38  Forge  
  50  6:40  Shield Battery  
  48  6:48  Dark Templar x3  
  48  6:49  Dark Templar  
  56  6:56  Pylon  
  56  6:57  Archon x2  
  56  7:04  Probe x2  
  58  7:11  Photon Cannon  
  58  7:17  Photon Cannon  
  58  7:21  Dark Templar x2  
  62  7:24  Protoss Ground Weapons Level 1 (Chrono Boost)  
  62  7:29  Archon  
  62  7:39  High Templar  
  62  7:42  High Templar, Zealot  
  62  7:43  Zealot x2  
  72  7:52  Probe  
  73  8:00  Archon  
  73  8:05  Charge (Chrono Boost)  
  73  8:15  Stalker x2  
  73  8:16  Stalker x3, Nexus  
  73  8:18  Zealot x2, Pylon  
  87  8:22  Immortal  
  87  8:26  Probe x2  
  93  8:33  Pylon  
  93  8:38  Probe x2  
  95  8:42  Shield Battery  
  95  8:44  Photon Cannon  
  95  8:46  Photon Cannon  
  95  8:48  Assimilator  
  95  8:50  Probe  
  95  8:51  Probe, Assimilator  
  97  8:57  High Templar x2  
  97  8:58  Zealot  
  97  8:59  Zealot  
  97  9:01  Archon  
  106  9:03  Probe x2 (Chrono Boost)  
  106  9:04  Protoss Ground Weapons Level 2 (Chrono Boost)  
  107  9:15  Probe (Chrono Boost)  
  109  9:20  Probe (Chrono Boost)  
  109  9:21  Stalker x2  
  109  9:23  Probe (Chrono Boost)  
  114  9:24  Dark Templar  
  114  9:27  Probe (Chrono Boost)  
  114  9:29  Probe  
  118  9:45  Probe x3  
  121  9:57  Probe x3  
  124  10:03  Dark Templar x2  
  124  10:04  Dark Templar  
  124  10:05  Zealot x2  
  134  10:11  Nexus  
  134  10:13  Pylon x2  
  134  10:15  Pylon  
  134  10:16  Pylon  
  134  10:21  Probe  
  135  10:29  Probe x2  
  135  10:31  Immortal  
  135  10:33  Probe  
  135  10:34  Psionic Storm  
  119  10:57  Probe x2  
  119  10:58  Stalker x5  
  119  10:59  Stalker x2  
  129  11:18  Probe x3  
  126  11:29  Dark Templar x3  
  126  11:30  Dark Templar x3, Probe x3  
  126  11:31  Dark Templar  
  141  11:42  Probe  
  134  11:49  Observer  
  135  11:54  Probe x2  
  137  12:05  High Templar  
  137  12:06  High Templar  
  137  12:07  Zealot x3  
  137  12:08  Zealot x2  
Show
View Real Time Build Order
Export as new Build Order

BigBlackCat Zerg 

Build Orders: Hatch First, Lurkers 

Get SALT Encoding   

  8  0:02  Drone  
  9  0:10  Drone  
  10  0:18  Drone  
  11  0:28  Overlord  
  11  0:34  Drone  
  12  0:49  Drone x2  
  14  0:52  Drone  
  15  1:02  Drone  
  16  1:12  Drone  
  17  1:22  Hatchery  
  17  1:24  Drone  
  17  1:31  Drone  
  18  1:49  Extractor  
  18  1:52  Spawning Pool  
  18  1:53  Drone x2  
  18  2:01  Drone  
  19  2:17  Drone  
  20  2:23  Overlord  
  20  2:42  Queen x2  
  25  2:44  Drone x3  
  25  2:50  Drone  
  28  2:57  Metabolic Boost  
  28  2:59  Zergling x4  
  28  3:05  Drone x2, Evolution Chamber  
  31  3:13  Overlord  
  31  3:22  Zergling x2  
  31  3:23  Hatchery  
  31  3:24  Zergling x2  
  32  3:28  Overlord  
  32  3:34  Zerg Ground Armor Level 1  
  32  3:37  Zergling x4  
  34  3:42  Zergling x2  
  34  3:44  Drone  
  36  3:50  Drone  
  37  4:05  Zergling x10  
  37  4:06  Zergling x4  
  44  4:15  Lair  
  42  4:31  Drone x5  
  40  4:32  Drone  
  44  4:40  Spore Crawler  
  44  4:44  Extractor  
  42  4:46  Extractor  
  42  4:50  Spore Crawler  
  42  4:51  Drone x3  
  42  4:52  Drone x7  
  49  5:02  Zergling x4  
  49  5:03  Overlord  
  45  5:21  Zergling x4  
  45  5:22  Zergling x14  
  45  5:23  Zergling x2  
  45  5:26  Queen  
  45  5:28  Zergling x2  
  57  5:32  Zergling x4  
  59  5:38  Zergling x2  
  59  5:39  Overlord x2  
  60  6:06  Zergling x10  
  60  6:07  Zergling x14  
  60  6:08  Zergling x2  
  60  6:09  Overseer  
  72  6:12  Spore Crawler  
  67  6:48  Drone  
  67  6:49  Drone x7  
  67  6:50  Overlord x6  
  75  7:01  Hydralisk Den  
  74  7:04  Zerg Missile Weapons Level 1  
  74  7:10  Zergling x12  
  74  7:11  Zergling x4  
  82  7:16  Spore Crawler  
  81  7:24  Drone x3  
  81  7:25  Drone x3  
  87  7:30  Muscular Augments  
  87  7:35  Lurker Den  
  71  7:57  Drone x3  
  71  7:58  Drone x3  
  75  7:59  Overlord x2, Hydralisk x4  
  83  8:08  Extractor, Drone x5  
  83  8:09  Drone x2  
  83  8:11  Extractor  
  88  8:25  Hydralisk x4  
  96  8:28  Overseer x4, Extractor  
  96  8:30  Hydralisk  
  96  8:31  Hydralisk x2  
  96  8:34  Grooved Spines  
  101  8:35  Hydralisk x3  
  101  8:36  Hydralisk x3  
  113  8:52  Lurker x2  
  113  8:55  Lurker x5  
  119  8:58  Zergling x8  
  119  8:59  Zergling x8  
  119  9:01  Pneumatized Carapace  
  128  9:09  Lurker  
  129  9:15  Overlord x4  
  129  9:16  Overlord  
  108  10:00  Hydralisk  
  108  10:01  Hydralisk x13  
  108  10:02  Hydralisk  
  108  10:04  Zergling x12  
  126  10:34  Hydralisk x6  
  126  10:35  Hydralisk x2  
Show
View Real Time Build Order
Export as new Build Order

TheJoker Terran 

Build Orders: 2 Factory 

Get SALT Encoding   

  8  0:03  SCV  
  9  0:23  SCV  
  10  0:35  SCV  
  10  0:39  Supply Depot  
  11  0:47  SCV  
  12  0:58  Refinery  
  12  1:04  Barracks  
  12  1:19  SCV  
  13  1:31  SCV  
  14  1:43  SCV  
  15  1:55  SCV  
  15  2:01  Factory  
  16  2:07  SCV  
  17  2:09  Refinery  
  17  2:11  Barracks Tech Lab  
  17  2:19  SCV  
  18  2:32  SCV  
  19  2:44  SCV  
  20  2:45  Factory  
  20  3:04  Barracks Reactor  
  20  3:10  Engineering Bay  
  20  3:13  Infernal Pre-Igniter  
  20  3:14  Command Center  
  20  3:27  Orbital Command  
  20  3:32  Supply Depot  
  20  3:39  Missile Turret  
  20  3:54  Hellion x3  
  26  4:00  SCV  
  26  4:02  Barracks Tech Lab  
  27  4:12  SCV  
  28  4:26  Hellion x2  
  28  4:27  Missile Turret  
  32  4:42  Hellion  
  34  4:47  Hellion  
  34  4:48  SCV, Orbital Command  
  37  5:00  SCV  
  38  5:12  SCV  
  37  5:25  Hellion x3  
  39  5:39  SCV  
  39  5:42  SCV  
  41  5:48  Hellion, Widow Mine  
  41  5:51  SCV  
  41  5:52  Widow Mine  
  42  6:03  SCV  
  34  6:15  SCV  
  34  6:18  SCV  
  36  6:27  SCV  
  36  6:30  SCV  
  36  6:32  Missile Turret  
  38  6:35  Stimpack  
  38  6:36  Marine  
  38  6:39  SCV  
  40  6:41  Refinery  
  40  6:42  Refinery, SCV  
  41  6:48  Missile Turret  
  41  6:51  SCV  
  42  7:00  Barracks  
  42  7:09  Marine, SCV x2  
  45  7:16  Widow Mine x2  
  45  7:21  SCV  
  50  7:37  Supply Depot  
  50  7:38  Supply Depot  
  50  7:40  Supply Depot  
  50  7:48  Command Center  
  50  7:58  Marine, SCV x2, Widow Mine x2  
  57  8:00  Widow Mine  
  57  8:03  Barracks Reactor  
  57  8:04  Barracks  
  59  8:08  Armory  
  59  8:10  SCV x2  
  61  8:15  Concussive Shells  
  61  8:16  Marine  
  66  8:20  Widow Mine x2  
  66  8:21  Barracks x2  
  66  8:22  SCV x2  
  68  8:33  Marine  
  69  8:34  SCV x2  
  71  8:47  SCV x2  
  73  8:57  Combat Shield  
  73  8:58  Terran Infantry Weapons Level 1, Barracks Reactor  
  73  8:59  SCV x2, Starport  
  75  9:06  Orbital Command  
  75  9:07  Missile Turret  
  75  9:16  Drilling Claws  
  77  9:28  Barracks Reactor, Missile Turret  
  77  9:30  Barracks Tech Lab  
  75  9:38  Engineering Bay  
  75  9:48  Missile Turret  
  75  9:58  Marine x3  
  75  9:59  Marine x3, Starport Reactor  
  81  10:09  Missile Turret  
  81  10:16  Marine  
  81  10:19  Supply Depot  
  67  10:38  Marine x2  
  67  10:39  Marine x4, Marauder  
  67  10:40  Marauder  
  67  10:41  Supply Depot  
  67  10:53  Widow Mine x3  
  67  10:55  Medivac  
  67  10:56  Medivac, Marine x3  
  67  10:57  Marine x3  
  80  11:01  Marauder x2  
  87  11:07  Supply Depot  
  87  11:14  Marine x4, Widow Mine x2  
  87  11:15  Widow Mine, Marine x2  
  94  11:22  Marauder x2  
  90  11:25  Medivac  
  90  11:26  Medivac  
  90  11:32  Marine x5  
  97  11:33  Marine  
  100  11:44  Marauder x2  
  104  11:49  Marine  
  104  11:50  Marine x5  
Show
View Real Time Build Order
Export as new Build Order

Toasted Protoss 

Build Orders: Phoenix Opening, Mass Phoenix 

Get SALT Encoding   

  8  0:00  Probe  
  9  0:13  Probe  
  10  0:24  Pylon  
  10  0:29  Probe  
  11  0:41  Probe (Chrono Boost)  
  12  0:53  Probe (Chrono Boost)  
  13  0:58  Probe (Chrono Boost)  
  14  1:04  Gateway  
  14  1:07  Probe (Chrono Boost)  
  16  1:19  Probe (Chrono Boost)  
  16  1:23  Probe (Chrono Boost)  
  17  1:26  Assimilator  
  17  1:34  Probe  
  18  1:46  Probe  
  19  1:54  Cybernetics Core  
  19  1:58  Probe  
  20  2:10  Probe  
  21  2:19  Nexus  
  21  2:30  Probe  
  21  2:36  Assimilator  
  21  2:46  Pylon  
  21  2:53  Stargate  
  21  3:04  Probe  
  22  3:16  Probe  
  23  3:25  Stargate  
  23  3:29  Probe  
  23  3:33  Assimilator, Probe (Chrono Boost)  
  25  3:37  Phoenix (Chrono Boost)  
  27  3:43  Probe (Chrono Boost)  
  27  3:45  Probe (Chrono Boost)  
  29  3:54  Probe (Chrono Boost)  
  29  4:10  Probe  
  29  4:13  Phoenix x2  
  29  4:16  Probe  
  35  4:22  Probe  
  36  4:27  Pylon  
  36  4:34  Probe  
  36  4:38  Phoenix x2  
  41  4:46  Probe  
  41  4:47  Probe  
  41  4:48  Shield Battery  
  43  4:58  Probe  
  43  4:59  Probe, Pylon  
  45  5:09  Phoenix  
  45  5:10  Probe  
  45  5:11  Probe  
  49  5:17  Phoenix  
  51  5:21  Assimilator  
  51  5:22  Probe  
  51  5:23  Probe  
  53  5:34  Phoenix  
  55  5:42  Phoenix  
  57  5:51  Probe  
  58  6:07  Forge  
  58  6:10  Pylon  
  58  6:23  Pylon  
  58  6:28  Phoenix (Chrono Boost)  
  62  6:35  Phoenix (Chrono Boost)  
  62  6:42  Photon Cannon  
  62  6:44  Probe  
  62  6:45  Probe  
  64  6:47  Fleet Beacon  
  64  6:49  Photon Cannon  
  64  6:50  Protoss Air Weapons Level 1 (Chrono Boost)  
  64  6:52  Photon Cannon x2  
  64  6:53  Phoenix (Chrono Boost)  
  66  6:59  Phoenix (Chrono Boost)  
  68  7:06  Nexus  
  68  7:07  Probe  
  69  7:08  Probe  
  70  7:17  Phoenix  
  70  7:19  Probe  
  73  7:27  Pylon  
  73  7:31  Pylon  
  73  7:38  Anion Pulse-Crystals (Chrono Boost)  
  73  7:45  Phoenix  
  73  7:48  Probe x2  
  77  7:52  Photon Cannon  
  77  7:55  Photon Cannon  
  77  7:57  Shield Battery  
  77  8:00  Probe x2, Assimilator  
  77  8:02  Phoenix  
  81  8:12  Probe  
  82  8:15  Phoenix  
  84  8:27  Phoenix  
  86  8:40  Phoenix (Chrono Boost)  
  88  8:44  Probe  
  88  8:48  Assimilator  
  89  8:50  Photon Cannon  
  89  8:51  Protoss Air Weapons Level 2 (Chrono Boost), Photon Cannon  
  89  8:52  Phoenix (Chrono Boost)  
  89  8:53  Pylon  
  91  9:01  Stargate  
  91  9:02  Phoenix (Chrono Boost)  
  93  9:09  Photon Cannon  
  93  9:12  Photon Cannon  
  93  9:15  Probe  
  93  9:16  Photon Cannon  
  94  9:18  Photon Cannon  
  94  9:19  Probe x2  
  94  9:24  Phoenix  
  98  9:27  Probe  
  98  9:28  Phoenix  
  99  10:00  Phoenix x3  
  91  10:20  Phoenix x2, Probe  
  92  10:21  Probe  
  92  10:22  Probe  
  98  10:32  Probe  
  99  10:36  Phoenix  
  100  10:45  Phoenix x2  
  103  11:01  Phoenix (Chrono Boost)  
  100  11:10  Phoenix (Chrono Boost)  
  100  11:11  Phoenix (Chrono Boost)  
  77  11:32  Phoenix x2 (Chrono Boost)  
  81  11:33  Phoenix (Chrono Boost)  
  65  11:50  Phoenix (Chrono Boost)  
  65  11:51  Phoenix (Chrono Boost)  
Show
View Real Time Build Order
Export as new Build Order

Hodn Protoss 

Build Orders:  

Get SALT Encoding   

  8  0:00  Probe  
  9  0:12  Probe  
  10  0:24  Probe  
  11  0:29  Pylon  
  11  0:36  Probe (Chrono Boost)  
  12  0:49  Probe (Chrono Boost)  
  13  0:56  Probe (Chrono Boost)  
  14  1:01  Forge  
  14  1:05  Probe  
  15  1:17  Probe  
  16  1:39  Pylon  
  16  1:40  Pylon  
  16  1:41  Pylon  
  16  1:43  Pylon  
  16  1:58  Photon Cannon  
  16  2:02  Probe  
  17  2:25  Photon Cannon  
  17  2:26  Photon Cannon  
  17  2:28  Pylon  
  16  2:37  Pylon  
  16  2:40  Probe  
  16  3:01  Assimilator  
  16  3:02  Probe  
  17  3:05  Assimilator  
  17  3:14  Probe  
  17  3:17  Photon Cannon  
  18  3:52  Probe  
  19  5:00  Probe  
  20  5:12  Probe  
Tags
 
Add a new tag
Caveats
  • Supply blocks, unpowered buildings, or Contaminate may cause inaccurate times.
  • Supply counts are checked every 10 seconds.